AoeStats
← power_horse2000

Hill Fort

504417845Analyzed
3v3 RM · 29d ago on Sep 5, 2026· 47m 18s· 6 players
Game mode
Random Map
Map size
Normal (6 player)
Population
200
Speed
Normal
Resources
Standard
Victory
Conquest
Starting age
Dark Age
Ending age
Imperial Age
RankedLock teamsTeams togetherTeam positionsShared explorationLock speedFull tech treeHidden civsTurbo modeCheats
Victory
Defeat
🇰🇷 Persians · South Korea
835
+15
🇷🇺 Inca · Russia
783
+17
🇹🇼 Japanese · Taiwan
782
+17
🇨🇳 Teutons · China
844
-17
🇪🇸 Japanese · Spain
838
-17
🇦🇪 Bohemians · United Arab Emirates
766
-15
Kerrigan
3:19 Loom
12:15 Feudal Age
20:05 Castle Age
18:28 Horse Collar
20:24 Pikeman
22:02 Heavy Plow
25:42 Town Watch
30:29 Imperial Age
29:17 Fervor
29:58 Forging
29:51 Squires
31:33 Conscription
31:48 Arson
33:59 Kataparuto
33:41 Scale Mail Armor
35:49 Iron Casting
36:36 Wheelbarrow
36:14 Town Patrol
36:49 Chain Mail Armor
37:42 Hand Cart
38:53 Plate Mail Armor
41:58 Blast Furnace
41:50 Scale Barding Armor
41:23 Elite Samurai
42:35 Double-Bit Axe
42:43 Fletching
44:12 Chain Barding Armor
44:08 Bow Saw
46:08 Chemistry
46:06 Bodkin Arrow
46:54 Padded Archer Armor
o_happy
10:52 Feudal Age
9:08 Loom
18:47 Castle Age
18:08 Wheelbarrow
17:44 Double-Bit Axe
18:01 Horse Collar
19:57 Bow Saw
27:30 Gold Mining
27:33 Stone Mining
29:33 Stone Shaft Mining
30:33 Kamandaran
33:17 Heavy Plow
35:14 Gold Shaft Mining
36:38 Scale Barding Armor
36:44 Forging
36:25 Fletching
36:36 Padded Archer Armor
39:28 Iron Casting
39:14 Chain Barding Armor
38:50 Bodkin Arrow
41:08 Husbandry
41:19 Bloodlines
44:44 Imperial Age
42:34 Leather Archer Armor
42:43 Hand Cart
44:39 Cavalier
44:59 Pikeman
46:23 Plate Barding Armor
46:49 Blast Furnace
46:08 Savar
Etheling
9:13 Loom
11:49 Feudal Age
12:27 Horse Collar
12:35 Double-Bit Axe
13:48 Gold Mining
17:53 Champi Runner
19:16 Arson
21:06 Forging
22:16 Wheelbarrow
22:28 Scale Mail Armor
25:19 Castle Age
25:20 Champi Warrior
26:40 Iron Casting
26:08 Squires
27:22 Chain Mail Armor
27:09 Squires
28:30 Heavy Plow
29:19 Bow Saw
29:47 Gold Shaft Mining
32:42 Masonry
32:42 Fortified Wall
33:09 Stone Mining
34:37 Hand Cart
34:28 Treadmill Crane
46:48 Stone Shaft Mining
power_horse2000
0:44 Loom
13:03 Feudal Age
13:42 Horse Collar
13:49 Double-Bit Axe
14:43 Town Watch
22:18 Castle Age
22:22 Fletching
22:32 Padded Archer Armor
23:54 Bow Saw
23:13 Crossbowman
26:23 Wheelbarrow
27:56 Bodkin Arrow
28:31 Ballistics
32:45 Chemistry
31:53 Heavy Plow
36:58 Imperial Age
36:50 Wagenburg Tactics
39:49 Forging
39:39 Scale Mail Armor
40:29 Conscription
42:22 Pikeman
43:42 Iron Casting
43:22 Chain Mail Armor
42:58 Halberdier
44:08 Murder Holes
45:59 Blast Furnace
kilfal
6:54 Loom
11:40 Feudal Age
12:11 Double-Bit Axe
13:52 Horse Collar
17:48 Gold Mining
20:11 Castle Age
18:57 Stone Mining
20:56 Bloodlines
21:05 Bow Saw
20:57 Heavy Plow
22:58 Stone Shaft Mining
24:12 Wheelbarrow
28:10 Fletching
37:11 Squires
42:47 Hand Cart
46:50 Fervor
josehgx
0:42 Loom
12:37 Feudal Age
19:55 Castle Age
25:10 Pikeman
28:14 Man-at-Arms
31:00 Long Swordsman
32:04 Double-Bit Axe
37:40 Squires
Connection lost

Rejoining the realm…

Still unreachable

The connection could not be restored.

Session expired

The server has moved on; the page needs a fresh start.